TOP OF THE 1ST |
University of Arizona Wildcats batting - Pitching for University of South Carolina Gamecocks : RHP Chris Sisko
|
Pitching: RHP Chris Sisko
|
|
Batting: RHB Tatsuro Hamasaki
|
0-0: Ball 1-0: Ball 2-0: Ball 3-0: Called Strike 3-1: Foul Ball, location: 2F 3-2: Foul Ball, location: 2F 3-2: Base on Balls
|
Batting: LHB Pascal Noël
|
0-0: Grounds into double play, 5-4-3 (Groundball, 56, EV 89.4 MPH)
|
Batting: RHB Ricardo Fernandez
|
0-0: Called Strike 0-1: SINGLE (Line Drive, 6MD, EV 94.4 MPH)
|
Batting: LHB Mark Harris
|
0-0: Called Strike 0-1: Ball 1-1: Fly out, F7 (Line Drive, 7, EV 93.8 MPH)
|
Top of the 1st over - 0 runs, 1 hit, 0 errors, 1 left on base; University of Arizona 0 - University of South Carolina 0 |
BOTTOM OF THE 1ST |
University of South Carolina Gamecocks batting - Pitching for University of Arizona Wildcats : LHP Jason Luttrell
|
Pitching: LHP Jason Luttrell
|
|
Batting: LHB Chris McNay
|
0-0: SINGLE (Flyball, 34D, EV 93.1 MPH)
|
Batting: LHB Bert Webster
|
0-0: Called Strike 0-1: Ball 1-1: Ball 2-1: Called Strike 2-2: Ball 3-2: Fly out, F9 (Flyball, 89M, EV 90.6 MPH)
|
Batting: SHB Keith Mihas
|
0-0: Ball 1-0: Foul Ball, location: 2F 1-1: Grounds into double play, 4-6-3 (Groundball, 4, EV 99.4 MPH)
|
Bottom of the 1st over - 0 runs, 1 hit, 0 errors, 0 left on base; University of Arizona 0 - University of South Carolina 0 |
TOP OF THE 2ND |
University of Arizona Wildcats batting - Pitching for University of South Carolina Gamecocks : RHP Chris Sisko
|
Batting: LHB Andrew Davis
|
0-0: Ball 1-0: Foul Ball, location: 2F 1-1: Foul Ball, location: 2F 1-2: Ground out 4-3 (Groundball, 34, EV 85.6 MPH)
|
Batting: RHB Larry Harlow
|
0-0: DOUBLE (Line Drive, 78D, EV 109.4 MPH)
|
Batting: RHB Eddy Amaya
|
0-0: Ball 1-0: Swinging Strike 1-1: Ball 2-1: Ball 3-1: Foul Ball, location: 2F 3-2: Foul Ball, location: 2F 3-2: Foul Ball, location: 2F 3-2: Foul Ball, location: 2F 3-2: Base on Balls
|
Batting: RHB Vince Parris
|
0-0: Ball 1-0: Called Strike 1-1: Foul Ball, location: 2F 1-2: Fly out, F8 (Flyball, 8RM, EV 81.2 MPH)
|
Batting: LHB Jere Paatelainen
|
0-0: Ball 1-0: Ball 2-0: Ball 3-0: Base on Balls Larry Harlow to third Eddy Amaya to second
|
Batting: RHB Tatsuro Hamasaki
|
0-0: Called Strike 0-1: DOUBLE (Line Drive, 78D, EV 104.4 MPH) Larry Harlow scores Eddy Amaya scores Jere Paatelainen to third Runner from 3rd tries for Home, SAFE, throw by CF to trailing runner, SAFE at third!
|
Batting: LHB Pascal Noël
|
0-0: Ball 1-0: Fly out, F9 (Line Drive, 9, EV 92.5 MPH)
|
Top of the 2nd over - 3 runs, 2 hits, 0 errors, 1 left on base; University of Arizona 3 - University of South Carolina 0 |
BOTTOM OF THE 2ND |
University of South Carolina Gamecocks batting - Pitching for University of Arizona Wildcats : LHP Jason Luttrell
|
Batting: RHB Justin Kurutz
|
0-0: Ball 1-0: Called Strike 1-1: Ball 2-1: Swinging Strike 2-2: Foul Ball, location: 2F 2-2: Foul Ball, location: 2F 2-2: SOLO HOME RUN (Flyball, 9LD, EV 95.6 MPH), Distance : 359 ft
|
Batting: RHB Brian Passalacqua
|
0-0: Ball 1-0: Foul Ball, location: 2F 1-1: Called Strike 1-2: Ground out U3 (Groundball, 3, EV 102.5 MPH)
|
Batting: RHB Phil Hanley
|
0-0: Called Strike 0-1: Fly out, F3 (Popup, 3DF, EV 63.8 MPH)
|
Batting: RHB Jeff Swanson
|
0-0: Called Strike 0-1: SOLO HOME RUN (Flyball, 78XD, EV 110.0 MPH), Distance : 435 ft
|
Batting: RHB Ben Turner
|
0-0: Ground out 6-3 (Groundball, 6S, EV 73.1 MPH)
|
Bottom of the 2nd over - 2 runs, 2 hits, 0 errors, 0 left on base; University of Arizona 3 - University of South Carolina 2 |
TOP OF THE 3RD |
University of Arizona Wildcats batting - Pitching for University of South Carolina Gamecocks : RHP Chris Sisko
|
Batting: RHB Ricardo Fernandez
|
0-0: Swinging Strike 0-1: Swinging Strike 0-2: Ball 1-2: Ground out 6-3 (Groundball, 6, EV 84.4 MPH)
|
Batting: LHB Mark Harris
|
0-0: Swinging Strike 0-1: Called Strike 0-2: Foul Ball, location: 2F 0-2: Ball 1-2: Fly out, F7 (Flyball, 78M, EV 88.8 MPH)
|
Batting: LHB Andrew Davis
|
0-0: Ball 1-0: Foul Ball, location: 2F 1-1: Foul Ball, location: 2F 1-2: Foul Ball, location: 2F 1-2: Strikes out swinging
|
Top of the 3rd over - 0 runs, 0 hits, 0 errors, 0 left on base; University of Arizona 3 - University of South Carolina 2 |
BOTTOM OF THE 3RD |
University of South Carolina Gamecocks batting - Pitching for University of Arizona Wildcats : LHP Jason Luttrell
|
Batting: RHB Keith Lynch
|
0-0: Fly out, F8 (Flyball, 78S, EV 86.9 MPH)
|
Batting: LHB Chris McNay
|
0-0: Ball 1-0: Ball 2-0: Swinging Strike 2-1: SINGLE (Groundball, 3D, EV 94.4 MPH)
|
Batting: LHB Bert Webster
|
0-0: Called Strike 0-1: Ball 1-1: Fly out, F7 (Flyball, 78M, EV 79.4 MPH)
|
Batting: SHB Keith Mihas
|
0-0: Called Strike 0-1: Ball 1-1: Called Strike 1-2: Ball 2-2: Ball 3-2: Base on Balls Chris McNay to second
|
Batting: RHB Justin Kurutz
|
0-0: Called Strike 0-1: Hit by Pitch Chris McNay to third Keith Mihas to second
|
Batting: RHB Brian Passalacqua
|
0-0: Called Strike 0-1: Ball 1-1: Foul Ball, location: 2F 1-2: Ball 2-2: Ball 3-2: Ground out 5-3 (Groundball, 56S, EV 86.9 MPH)
|
Bottom of the 3rd over - 0 runs, 1 hit, 0 errors, 3 left on base; University of Arizona 3 - University of South Carolina 2 |
TOP OF THE 4TH |
University of Arizona Wildcats batting - Pitching for University of South Carolina Gamecocks : RHP Chris Sisko
|
Batting: RHB Larry Harlow
|
0-0: Ball 1-0: Ball 2-0: Ball 3-0: Foul Ball, location: 2F 3-1: Base on Balls
|
Batting: RHB Eddy Amaya
|
0-0: Called Strike 0-1: Ball 1-1: Swinging Strike 1-2: 2-RUN HOME RUN (Flyball, 9D, EV 95.0 MPH), Distance : 375 ft
|
Batting: RHB Vince Parris
|
0-0: Called Strike 0-1: Ball 1-1: Swinging Strike 1-2: Fly out, F6 (Popup, 56, EV 80.6 MPH)
|
Batting: LHB Jere Paatelainen
|
0-0: Ball 1-0: Called Strike 1-1: Swinging Strike 1-2: Ball 2-2: Foul Ball, location: 2F 2-2: Ground out U3 (Groundball, 34, EV 103.8 MPH)
|
Batting: RHB Tatsuro Hamasaki
|
0-0: Called Strike 0-1: Ball 1-1: Foul Ball, location: 2F 1-2: Ball 2-2: Ball 3-2: Base on Balls
|
Batting: LHB Pascal Noël
|
0-0: DOUBLE (Line Drive, 3D, EV 96.2 MPH) Tatsuro Hamasaki to third
|
Batting: RHB Ricardo Fernandez
|
0-0: Ball 1-0: Fly out, F4 (Flyball, 4D, EV 93.8 MPH)
|
Top of the 4th over - 2 runs, 2 hits, 0 errors, 2 left on base; University of Arizona 5 - University of South Carolina 2 |
BOTTOM OF THE 4TH |
University of South Carolina Gamecocks batting - Pitching for University of Arizona Wildcats : LHP Jason Luttrell
|
Batting: RHB Phil Hanley
|
0-0: Ball 1-0: Fly out, F8 (Flyball, 8LM, EV 94.4 MPH)
|
Batting: RHB Jeff Swanson
|
0-0: Called Strike 0-1: Called Strike 0-2: Strikes out swinging
|
Batting: RHB Ben Turner
|
0-0: DOUBLE (Line Drive, 9LM, EV 106.2 MPH)
|
Batting: RHB Keith Lynch
|
0-0: Called Strike 0-1: Fly out, F9 (Flyball, 9, EV 84.4 MPH)
|
Bottom of the 4th over - 0 runs, 1 hit, 0 errors, 1 left on base; University of Arizona 5 - University of South Carolina 2 |
TOP OF THE 5TH |
University of Arizona Wildcats batting - Pitching for University of South Carolina Gamecocks : RHP Chris Sisko
|
Pitching: RHP Juan Lazo
|
|
Batting: LHB Mark Harris
|
0-0: Ball 1-0: Foul Ball, location: 2F 1-1: Foul Ball, location: 2F 1-2: Ground out 1-3 (Groundball, 15S, EV 71.2 MPH)
|
Batting: LHB Andrew Davis
|
0-0: Foul Ball, location: 2F 0-1: Foul Ball, location: 2F 0-2: Ball 1-2: Ball 2-2: Ball 3-2: Foul Ball, location: 2F 3-2: Fly out, F7 (Flyball, 78S, EV 91.9 MPH)
|
Batting: RHB Larry Harlow
|
0-0: Called Strike 0-1: Ground out 5-3 (Groundball, 56, EV 90.6 MPH)
|
Top of the 5th over - 0 runs, 0 hits, 0 errors, 0 left on base; University of Arizona 5 - University of South Carolina 2 |
BOTTOM OF THE 5TH |
University of South Carolina Gamecocks batting - Pitching for University of Arizona Wildcats : LHP Jason Luttrell
|
Batting: LHB Chris McNay
|
0-0: Foul Ball, location: 2F 0-1: Ball 1-1: Ball 2-1: Ball 3-1: Swinging Strike 3-2: Ground out 4-3 (Groundball, 4, EV 83.1 MPH)
|
Batting: LHB Bert Webster
|
0-0: Ball 1-0: Ball 2-0: Called Strike 2-1: Foul Ball, location: 2F 2-2: DOUBLE (Line Drive, 89D, EV 113.8 MPH)
|
Batting: SHB Keith Mihas
|
0-0: Ball 1-0: Ball 2-0: Ball 3-0: Called Strike 3-1: Foul Ball, location: 2F 3-2: Base on Balls
|
Batting: RHB Justin Kurutz
|
0-0: Ball 1-0: Foul Ball, location: 2F 1-1: SINGLE (Flyball, 78S, EV 90.6 MPH) Bert Webster to third Keith Mihas to second Runner from 3rd tries for Home, SAFE, throw by LF to home
|
Batting: RHB Brian Passalacqua
|
0-0: Called Strike 0-1: Fielders Choice at 2nd, 3-6 (Groundball, 3, EV 90.0 MPH) Keith Mihas to third
|
Batting: RHB Phil Hanley
|
0-0: Ball 1-0: Called Strike 1-1: Foul Ball, location: 2F 1-2: Ground out 4-3 (Groundball, 4, EV 108.8 MPH)
|
Bottom of the 5th over - 1 run, 2 hits, 0 errors, 2 left on base; University of Arizona 5 - University of South Carolina 3 |
TOP OF THE 6TH |
University of Arizona Wildcats batting - Pitching for University of South Carolina Gamecocks : RHP Juan Lazo
|
Batting: RHB Eddy Amaya
|
0-0: Swinging Strike 0-1: SINGLE (Groundball, 4S, EV 66.9 MPH) (infield hit)
|
Batting: RHB Vince Parris
|
0-0: Called Strike 0-1: Ball 1-1: Ball 2-1: Foul Ball, location: 2F 2-2: Fly out, F8 (Line Drive, 8RM, EV 96.9 MPH)
|
Batting: LHB Jere Paatelainen
|
0-0: Ball 1-0: Ball 2-0: Called Strike 2-1: Fly out, F8 (Line Drive, 8RD, EV 103.8 MPH)
|
Batting: RHB Tatsuro Hamasaki
|
0-0: Ball 1-0: Ball 2-0: Ball 3-0: Called Strike 3-1: Foul Ball, location: 2F 3-2: Strikes out swinging
|
Top of the 6th over - 0 runs, 1 hit, 0 errors, 1 left on base; University of Arizona 5 - University of South Carolina 3 |
BOTTOM OF THE 6TH |
University of South Carolina Gamecocks batting - Pitching for University of Arizona Wildcats : LHP Jason Luttrell
|
Pitching: RHP Chris Obloy
|
|
Batting: RHB Jeff Swanson
|
0-0: Called Strike 0-1: Ball 1-1: Ball 2-1: SINGLE (Groundball, 6MD, EV 108.1 MPH)
|
Batting: RHB Ben Turner
|
0-0: Fly out, F8 (Flyball, 8LM, EV 90.0 MPH)
|
Pinch Hitting: LHB Jörg Young
|
0-0: Ball 1-0: Ball 2-0: Grounds out, U3 (Groundball, 3L, EV 100.6 MPH)
|
Batting: LHB Chris McNay
|
0-0: Swinging Strike 0-1: Called Strike 0-2: Ball 1-2: Ball 2-2: Ball 3-2: Base on Balls
|
Pitching: RHP Jimmy Serna
|
|
Batting: LHB Bert Webster
|
0-0: Ball 1-0: Ball 2-0: Called Strike 2-1: Fielders Choice at 2nd, 6-4 (Groundball, 6, EV 83.8 MPH)
|
Bottom of the 6th over - 0 runs, 1 hit, 0 errors, 2 left on base; University of Arizona 5 - University of South Carolina 3 |
TOP OF THE 7TH |
University of Arizona Wildcats batting - Pitching for University of South Carolina Gamecocks : RHP Juan Lazo
|
Pitching: LHP Mijalko Brkic
|
|
Now in RF: Jörg Young
|
|
Batting: LHB Pascal Noël
|
0-0: Called Strike 0-1: Foul Ball, location: 2F 0-2: Foul Ball, location: 2F 0-2: Ball 1-2: Strikes out swinging, 2-3 out at first.
|
Pitching: RHP Trent Lipinski
|
|
Batting: RHB Ricardo Fernandez
|
0-0: Called Strike 0-1: Ground out 4-3 (Groundball, 13, EV 85.6 MPH)
|
Batting: LHB Mark Harris
|
0-0: Foul Ball, location: 2F 0-1: Swinging Strike 0-2: Strikes out swinging
|
Top of the 7th over - 0 runs, 0 hits, 0 errors, 0 left on base; University of Arizona 5 - University of South Carolina 3 |
BOTTOM OF THE 7TH |
University of South Carolina Gamecocks batting - Pitching for University of Arizona Wildcats : RHP Jimmy Serna
|
Batting: SHB Keith Mihas
|
0-0: Ball 1-0: Swinging Strike 1-1: Foul Ball, location: 2F 1-2: Foul Ball, location: 2F 1-2: SINGLE (Line Drive, 89M, EV 106.9 MPH)
|
Batting: RHB Justin Kurutz
|
0-0: Called Strike 0-1: Grounds into double play, 3-6-1 (Groundball, 3, EV 85.0 MPH)
|
Batting: RHB Brian Passalacqua
|
0-0: Swinging Strike 0-1: Ball 1-1: Ball 2-1: Swinging Strike 2-2: Ball 3-2: Foul Ball, location: 2F 3-2: Foul Ball, location: 2F 3-2: Base on Balls
|
Batting: RHB Phil Hanley
|
0-0: SINGLE (Line Drive, 56, EV 102.5 MPH) Brian Passalacqua to second
|
Pitching: LHP Jamal Jeter
|
|
Batting: RHB Jeff Swanson
|
0-0: Called Strike 0-1: Fly out, F9 (Flyball, 9S, EV 86.9 MPH)
|
Bottom of the 7th over - 0 runs, 2 hits, 0 errors, 2 left on base; University of Arizona 5 - University of South Carolina 3 |
TOP OF THE 8TH |
University of Arizona Wildcats batting - Pitching for University of South Carolina Gamecocks : RHP Trent Lipinski
|
Pitching: RHP Jop van Grootveld
|
|
Batting: LHB Andrew Davis
|
0-0: Ball 1-0: Called Strike 1-1: Ball 2-1: Foul Ball, location: 2F 2-2: Strikes out swinging
|
Batting: RHB Larry Harlow
|
0-0: Ball 1-0: Foul Ball, location: 2F 1-1: Ground out 4-3 (Groundball, 34, EV 86.2 MPH)
|
Batting: RHB Eddy Amaya
|
0-0: Ball 1-0: Ball 2-0: Called Strike 2-1: SINGLE (Line Drive, 8LS, EV 105.6 MPH)
|
Pinch Hitting: LHB Lihau Keawe
|
0-0: Ball 1-0: 2-RUN HOME RUN (Flyball, 9D, EV 92.5 MPH), Distance : 363 ft
|
Batting: LHB Jere Paatelainen
|
0-0: Ground out U3 (Groundball, 3, EV 102.5 MPH)
|
Top of the 8th over - 2 runs, 2 hits, 0 errors, 0 left on base; University of Arizona 7 - University of South Carolina 3 |
BOTTOM OF THE 8TH |
University of South Carolina Gamecocks batting - Pitching for University of Arizona Wildcats : LHP Jamal Jeter
|
Now in LF: Lihau Keawe
|
|
Batting: RHB Ben Turner
|
0-0: Foul Ball, location: 2F 0-1: Foul Ball, location: 2F 0-2: Ball 1-2: Ball 2-2: Fly out, F6 (Popup, 6M, EV 78.8 MPH)
|
Batting: LHB Jörg Young
|
0-0: Ball 1-0: Called Strike 1-1: Foul Ball, location: 2F 1-2: Ground out 5-3 (Groundball, 56, EV 87.5 MPH)
|
Batting: LHB Chris McNay
|
0-0: Swinging Strike 0-1: Ball 1-1: Ball 2-1: Ball 3-1: Base on Balls
|
Batting: LHB Bert Webster
|
0-0: Called Strike 0-1: DOUBLE (Line Drive, 9LS, EV 101.2 MPH) Chris McNay to third Runner from 3rd tries for Home, SAFE, throw by RF to home
|
Batting: SHB Keith Mihas
|
0-0: Foul Ball, location: 2F 0-1: Ball 1-1: Foul Ball, location: 2F 1-2: 2-RUN HOME RUN (Flyball, 7D, EV 101.9 MPH), Distance : 429 ft
|
Pitching: LHP Victor Silva
|
|
Batting: RHB Justin Kurutz
|
0-0: Ball 1-0: Called Strike 1-1: Ball 2-1: Ball 3-1: Base on Balls
|
Batting: RHB Brian Passalacqua
|
0-0: Ball 1-0: Ball 2-0: Fly out, F8 (Flyball, 78D, EV 92.5 MPH)
|
Bottom of the 8th over - 3 runs, 2 hits, 0 errors, 1 left on base; University of Arizona 7 - University of South Carolina 6 |
TOP OF THE 9TH |
University of Arizona Wildcats batting - Pitching for University of South Carolina Gamecocks : RHP Jop van Grootveld
|
Pitching: RHP Scott Arthur
|
|
Batting: RHB Tatsuro Hamasaki
|
0-0: Ball 1-0: Ball 2-0: Foul Ball, location: 2F 2-1: Foul Ball, location: 2F 2-2: Strikes out looking
|
Batting: LHB Pascal Noël
|
0-0: Ball 1-0: Foul Ball, location: 2F 1-1: Foul Ball, location: 2F 1-2: Ground out 4-3 (Groundball, 4M, EV 88.1 MPH)
|
Batting: RHB Ricardo Fernandez
|
0-0: Swinging Strike 0-1: Ball 1-1: Foul Ball, location: 2F 1-2: Ball 2-2: Foul Ball, location: 2F 2-2: Foul Ball, location: 2F 2-2: Foul Ball, location: 2F 2-2: Fly out, F8 (Flyball, 8RD, EV 86.9 MPH)
|
Top of the 9th over - 0 runs, 0 hits, 0 errors, 0 left on base; University of Arizona 7 - University of South Carolina 6 |
BOTTOM OF THE 9TH |
University of South Carolina Gamecocks batting - Pitching for University of Arizona Wildcats : LHP Victor Silva
|
Pitching: RHP Carlos Maravilla
|
|
Batting: RHB Phil Hanley
|
0-0: Foul Ball, location: 2F 0-1: Ball 1-1: Foul Ball, location: 2F 1-2: Foul Ball, location: 2F 1-2: Hit by Pitch
|
Pinch Runner at 1st Lance Neldon:
|
|
Pinch Hitting: LHB David Fowler
|
0-0: Reached on error, E4 (Groundball, 4S, EV 87.5 MPH) Lance Neldon to second
|
Pinch Hitting: LHB Corey Lomas
|
0-0: Ball 1-0: Called Strike 1-1: Fielders Choice at 2nd, 6-4 (Groundball, 6M, EV 92.5 MPH) Lance Neldon to third
|
Batting: LHB Jörg Young
|
0-0: Foul Ball, location: 2F 0-1: Fly out, F8 (Flyball, 8RXD, EV 96.9 MPH) Runner from 3rd tags up, SCORES, no throw by CF
|
Batting: LHB Chris McNay
|
0-0: Ball 1-0: Foul Ball, location: 2F 1-1: Foul Ball, location: 2F 1-2: Ball 2-2: Ball 3-2: Ground out 1-3 (Groundball, 15S, EV 70.0 MPH)
|
Bottom of the 9th over - 1 run, 0 hits, 1 error, 1 left on base; University of Arizona 7 - University of South Carolina 7 |
TOP OF THE 10TH |
University of Arizona Wildcats batting - Pitching for University of South Carolina Gamecocks : RHP Scott Arthur
|
Now at C: Corey Lomas
|
|
Now at SS: Lance Neldon
|
|
Now in CF: Jörg Young
|
|
Now in RF: David Fowler
|
|
Batting: SHB George Grace
|
0-0: SINGLE (Groundball, 56, EV 100.0 MPH)
|
Batting: LHB Andrew Davis
|
0-0: Ball 1-0: Ball 2-0: Fly out, F3 (Line Drive, 3L, EV 72.5 MPH)
|
Batting: RHB Larry Harlow
|
0-0: 2-RUN HOME RUN (Flyball, 7D, EV 99.4 MPH), Distance : 395 ft
|
Batting: RHB Eddy Amaya
|
0-0: DOUBLE (Line Drive, 3D, EV 96.9 MPH)
|
Batting: LHB Lihau Keawe
|
0-0: Intentional Walk
|
Pitching: LHP Cris Duran
|
|
Batting: LHB Jere Paatelainen
|
0-0: Ball 1-0: Ball 2-0: Foul Ball, location: 2F 2-1: Ball 3-1: Fly out, F7 (Flyball, 7S, EV 88.8 MPH)
|
Batting: RHB Tatsuro Hamasaki
|
0-0: Called Strike 0-1: Fly out, F3 (Popup, 3SF, EV 76.9 MPH)
|
Top of the 10th over - 2 runs, 3 hits, 0 errors, 2 left on base; University of Arizona 9 - University of South Carolina 7 |
BOTTOM OF THE 10TH |
University of South Carolina Gamecocks batting - Pitching for University of Arizona Wildcats : RHP Carlos Maravilla
|
Batting: LHB Bert Webster
|
0-0: Ball 1-0: Ball 2-0: Foul Ball, location: 2F 2-1: Foul Ball, location: 2F 2-2: Reached on error, E4 (Groundball, 4, EV 101.9 MPH)
|
Batting: SHB Keith Mihas
|
0-0: Ball 1-0: Swinging Strike 1-1: Foul Ball, location: 2F 1-2: Ball 2-2: Fly out, F8 (Flyball, 8RM, EV 91.2 MPH)
|
Batting: RHB Justin Kurutz
|
0-0: SINGLE (Groundball, 15S, EV 66.9 MPH) (infield hit) Bert Webster to second
|
Batting: RHB Brian Passalacqua
|
0-0: Ball 1-0: Called Strike 1-1: Swinging Strike 1-2: Ball 2-2: Ball 3-2: Grounds into double play, 4-6-3 (Groundball, 4, EV 102.5 MPH)
|
Bottom of the 10th over - 0 runs, 1 hit, 1 error, 1 left on base; University of Arizona 9 - University of South Carolina 7 |
|